 Dungeon Crawl Stone Soup version 0.32-a0-30-gefbe487952 (webtiles) character file.

Game seed: 11724380171470865087

23 kae the Ruffian (level 2, 0/21 HPs)
             Began as a Demonspawn Shapeshifter on Jan 19, 2024.
             Killed from afar by a dart slug (4 damage)
             ... with a slug dart
             ... on level 2 of the Dungeon.
             The game lasted 00:00:30 (865 turns).

kae the Ruffian (Demonspawn Shapeshifter)            Turns: 865, Time: 00:00:31

Health: 0/21       AC:  2    Str: 14    XL:     2   Next: 72%
Magic:  2/2        EV: 12    Int: 10    God:
Gold:   59         SH:  0    Dex: 12    Spells: 1/1 levels left

rFire   . .          .
                       - Unarmed
rCold   . . .        (no shield)
rNeg    . . .        a - +0 animal skin
rPois   .            (helmet currently unavailable)
rElec   .            (cloak currently unavailable)
rCorr   .            (gloves currently unavailable)
SInv    .            (boots currently unavailable)
Will    .....        (no amulet)
Stlth   +            (no ring)
HPRegen 0.23/turn    (no ring)
MPRegen 0.08/turn

%: no passive effects
@: lethally poisoned (0 -> -16), beast-form
A: beast (slay +1), foul stench 1
a: Begin Untransformation


You were on level 2 of the Dungeon.
You were a hulking beast.
You visited 1 branch of the dungeon, and saw 2 of its levels.

You collected 59 gold pieces.


Innate Abilities, Weirdness & Mutations

You are a hulking beast.
Your limbs bulge with bestial killing power. (Slay +1)
You may rarely emit foul miasma when damaged in melee.


   Skills:
 - Level 1.0 Fighting
 - Level 1.7 Dodging
 * Level 3.2 Unarmed Combat
 * Level 3.1 Shapeshifting


You had one spell level left.
You didn't know any spells.
Your spell library contained the following spells:

 Spells                   Type           Power      Damage    Failure   Level
 Summon Small Mammal      Summ           0%         N/A       36%         1
 Call Canine Familiar     Summ           0%         N/A       75%         3
 Summon Blazeheart Golem  Fire/Summ      0%         N/A       98%         4
 Vhi's Electric Charge    Tloc/Air       0%         N/A       98%         4
 Arcjolt                  Conj/Air       0%         1d10      100%        5
 Plasma Beam              Fire/Air       0%         2x1d10    100%        6

Inventory:

Missiles
 f - 8 stones (quivered)
Armour
 a - a +0 animal skin (worn)
Jewellery
 F - a ring of fire
   (You found it on level 1 of the Dungeon)
Talismans
 c - a beast talisman
 d - a flux talisman
Scrolls
 g - 2 scrolls of identify {@r1}
Potions
 b - a potion of lignification {!q}
 e - a potion of curing {unknown}
 h - a potion of degeneration {!q}

Dungeon Overview and Level Annotations

Branches:
Dungeon (2/15) Zot: 11136

Altars:

Shops:
D:1 * D:2

( .# #.. ..### #..
#....######### #..
.#...........## #..
..............###### .
....................
................#### ##
....w..g....)...#######.
......)h................
...........^...####.....
...............##.......
..............#...##.†..
................###...#.
....##..##..#######..##.
.... #..............#...
... ...?.>.........#.##
.............


You could see a dart slug and a goblin.


Message History

The slug dart misses you.
You barely miss the dart slug.
A dart slug is nearby!
You hit the dart slug. The dart slug closely misses you.
You hit the dart slug.
You kill the dart slug!
Your Unarmed Combat skill increases to level 3!
You have reached level 2!
Your demonic ancestry asserts itself...
You begin to emit a foul stench of rot and decay. 😕 HP[+6] MP[+1]
You now have 21 max hp (+6).
You regained 6 hp, and now have 17/21 hp.
Your mp is fully restored (2).
There is an escape hatch in the floor here.
You see here an orb of light. 😎 HP[+4]
Your hp is fully restored (21).
No target in view!
No target in view!
You now have enough gold to buy a scroll of identify on D:1.
You can access your shopping list by pressing '$'.
You now have 28 gold pieces (gained 15).
Key pressed, stopping explore.
No target in view!
No target in view!
A rat comes into view.
A rat is nearby!
The helpless rat fails to defend itself.
You hit the rat. The rat barely misses you.
You hit the rat.
You kill the rat!
Your Shapeshifting skill increases to level 3!
A bat comes into view.
The bat moves out of view.
No target in view!
No target in view!
You hit the bat but do no damage. The bat hits you but does no damage.
You hit the bat.
You kill the bat!
g - 2 scrolls of identify {@r1} (gained 1)
You now have 37 gold pieces (gained 9).
Found a stone staircase leading down.
No target in view!
No target in view!
You now have 48 gold pieces (gained 11).
You now have 59 gold pieces (gained 11).
A kobold and an adder come into view.
The adder hisses angrily.
A goblin comes into view. It is wielding a +2 dagger of venom.
There are monsters nearby!
There are monsters nearby!
You hit the adder. The adder bites you. The adder closely misses you.
You hit the adder.
The goblin shouts!
The adder closely misses you. 😕 HP[-1]
You take 1 damage, and now have 20/21 hp.
There are monsters nearby!
You hit the adder.
You kill the adder!
A dart slug comes into view.
The kobold hits you with a +0 short sword.
The dart slug launches a dart at you. The slug dart misses you.
You see here an orange potion.
There are monsters nearby!
You closely miss the kobold.
The kobold hits you with a +0 short sword.
You are too injured to fight recklessly! 😮 HP[-8]
You take 8 damage, and now have 12/21 hp.
MASSIVE DAMAGE!! (PAUSE)
The kobold hits you but does no damage.
You see here an adder corpse.
You hit the kobold. The kobold barely misses you. 😮 HP[+1]
You punch the kobold!
You kill the kobold!
The goblin hits you with a +2 dagger of venom.
* * * LOW HITPOINT WARNING * * *
You are lethally poisoned! 😨 HP[-3]
You take 3 damage, and now have 10/21 hp.
You barely miss the goblin.
* * * LOW HITPOINT WARNING * * *
You feel very sick.
The goblin completely misses you. 😨 HP[-3]
You take 3 damage, and now have 7/21 hp.
Unknown command.
You hit the goblin.
* * * LOW HITPOINT WARNING * * *
You feel sick.
The goblin hits you with a +2 dagger of venom.
* * * LOW HITPOINT WARNING * * *
You are more poisoned.
The dart slug launches a dart at you. The slug dart hits you.
You die...

Skill      XL: |  1  2 |
---------------+-------+-----
Unarmed Combat | 3 |  3.2
Shapeshifting  | 3 |  3.1
Fighting       | |  1.0
Dodging        | |  1.7

Action                     || total
---------------------------++-------
  Melee: Unarmed           ||    35
         Punch             ||     1
    Use: Scroll            ||     2
   Stab: Sleeping          ||     2
 Armour: Animal skin       ||    19
  Dodge: Dodged            ||    19

Levels and vault maps discovered:
D:1:      matt_arrival_grand_opening, layout_loops_ring, serial_shops, shop,
          ebering_ecumenical_altar_rust, due_unseen_surprise
D:2:      layout_rooms, serial_shops, shop

Notes
Turn   | Place    | Note
-------+----------+-------------------------------------------
     0 | D:1      | kae the Demonspawn Shapeshifter began the quest for the
                  | Orb.
     0 | D:1      | Reached XP level 1. HP: 15/15 MP: 1/1
     0 | D:1      | magus.rc [v1.11.3]
   349 | D:1      | You pick up a book of Callings and begin reading...
   349 | D:1      | You add the spells Summon Small Mammal, Call Canine
                  | Familiar and Summon Blazeheart Golem to your library.
   357 | D:1      | Found Zirus's General Store.
   402 | D:1      | Found a faded altar of an unknown god.
   519 | D:1      | You pick up a book of Lightning and begin reading...
   519 | D:1      | You add the spells Vhi's Electric Charge, Arcjolt and
                  | Plasma Beam to your library.
   762 | D:2      | Found Liclip's Weapon Emporium.
   780 | D:2      | Reached skill level 3 in Unarmed Combat
   780 | D:2      | Gained mutation: You may rarely emit foul miasma when
                  | damaged in melee. [demonic ancestry]
   780 | D:2      | Reached XP level 2. HP: 17/21 MP: 2/2
   819 | D:2      | Reached skill level 3 in Shapeshifting
   865 | D:2      | HP: 5/21 [poisoned by a goblin]
   865 | D:2      | Killed from afar by a dart slug

Vanquished Creatures
  An adder (D:2)
  A dart slug (D:2)
  2 bats (D:2)
  A giant cockroach (D:1)
  A goblin (D:1)
  2 ball pythons (D:1)
  2 kobolds
  2 rats
12 creatures vanquished.

Table legend:
 A = Non-vault XP
 B = Vault XP
 C = Vault XP percentage of total XP
 D = Non-vault monster count
 E = Vault monster count
 F = Vault count percentage of total count
                 A         B        C        D         E       F
            +---------+---------+-------+---------+---------+-------
      Total |      33 |       0 |   0.0 |      12 |       0 |   0.0
            +---------+---------+-------+---------+---------+-------
        D:1 |       8 |       0 |   0.0 |       6 |       0 |   0.0
        D:2 |      25 |       0 |   0.0 |       6 |       0 |   0.0
            +---------+---------+-------+---------+---------+-------

Skill      XL: |  1  2 |
---------------+-------+-----
Unarmed Combat | 3 |  3.2
Shapeshifting  | 3 |  3.1
Fighting       | |  1.0
Dodging        | |  1.7

Action                     || total
---------------------------++-------
  Melee: Unarmed           ||    35
         Punch             ||     1
    Use: Scroll            ||     2
   Stab: Sleeping          ||     2
 Armour: Animal skin       ||    19
  Dodge: Dodged            ||    19

Illustrated notes

Table legend:
 A = Kills in this place as a percentage of kills in the entire game.
 B = Kills by you in this place as a percentage of kills by you in the entire game.
 C = Kills by friends in this place as a percentage of kills by friends in the entire game.
 D = Other kills in this place as a percentage of other kills in the entire game.
 E = Experience gained in this place as a percentage of experience gained in the entire game.
 F = Experience gained in this place divided by the number of levels of this place that you have seen.
                   A       B       C       D       E      F
               +-------+-------+-------+-------+-------+----------------------
         Total | 100.0 | 100.0 |   N/A |   N/A | 100.0 |  16.5
       Dungeon | 100.0 | 100.0 |   N/A |   N/A | 100.0 |  16.5
               +-------+-------+-------+-------+-------+----------------------

Table legend: (Time is in decaauts)
 A = Elapsed time spent in this place.
 B = Non-inter-level travel time spent in this place.
 C = Inter-level travel time spent in this place.
 D = Time resting spent in this place.
 E = Time spent auto-exploring this place.
 F = Levels seen in this place.
 G = Mean time per level.
                   A        B        C        D        E       F      G
               +--------+--------+--------+--------+--------+-----+--------+
         Total |    862 |    815 |     47 |      0 |    729 |   2 |  431.0 |
       Dungeon |    862 |    815 |     47 |      0 |    729 |   2 |  431.0 |
               +--------+--------+--------+--------+--------+-----+--------+

Top non-repeatable levels by time:
     D:1: 747 daAuts
     D:2: 115 daAuts
